 Dungeon Crawl Stone Soup version 0.29-a0-384-g6960b1960d (webtiles) character file.

Game seed: 4111269260626927681

436 siradein the Magician (level 6, -1/41 HPs)
             Began as a Mummy Necromancer on May 6, 2022.
             Was a Follower of Kikubaaqudgha.
             Killed from afar by an orc wizard (15 damage)
             ... with a puff of flame
             ... on level 4 of the Dungeon.
             The game lasted 00:09:56 (4739 turns).

siradein the Magician (Mummy Necromancer)           Turns: 4739, Time: 00:09:58

Health: -1/41      AC:  6    Str: 12    XL:     6   Next: 69%
Magic:  0/15       EV: 12    Int: 16    God:    Kikubaaqudgha [*.....]
Gold:   251        SH:  0    Dex: 16    Spells: 10/18 levels left

rFire   x . .      SeeInvis .   p - +2 spear of Stickiness {freeze, *Slow rN+ rCorr}
rCold   + + .      Faith    .   (no shield)
rNeg    + + +      Spirit   .   c - +1 robe of Day {rC+ Dex+4 Stlth+}
rPois   ∞          Reflect  .   (no helmet)
rElec   .          Harm     .   (no cloak)
rCorr   +          Rampage  .   (no gloves)
Will    .....                   k - +2 pair of boots
Stlth   +++.......              (no amulet)
HPRegen 0.13/turn               (no ring)
MPRegen 0.14/turn               (no ring)

@: slowed, very slow
A: cold resistance 1, negative energy resistance 3, torment resistance 2, heat
vulnerability 1, in touch with death 1, no potions
a: Renounce Religion, Receive Corpses


You were on level 4 of the Dungeon.
You worshipped Kikubaaqudgha.
Kikubaaqudgha was aware of your devotion.
You visited 1 branch of the dungeon, and saw 5 of its levels.

You collected 251 gold pieces.

Inventory:

Hand Weapons
 p - the +2 spear of Stickiness (weapon) {freeze, *Slow rN+ rCorr}
   (You took it off an orc wizard on level 4 of the Dungeon)

   It freezes those it strikes, dealing additional cold damage.
   It can also slow down cold-blooded creatures.
   rN:        It protects you from negative energy.
   rCorr:     It protects you from acid and corrosion.
   *Slow:     It may slow you when you take damage.
Missiles
 o - 2 silver javelins
Armour
 c - the +1 robe of Day (worn) {rC+ Dex+4 Stlth+}
   (You found it on level 4 of the Dungeon)

   Dex:       It affects your dexterity (+4).
   rC:        It protects you from cold.
   Stlth:     It makes you more stealthy.
 k - a +2 pair of boots (worn)
Wands
 e - a wand of flame (9)
Scrolls
 b - 2 scrolls of fear
 d - a scroll of silence
 f - 3 scrolls of enchant weapon
 g - a scroll of poison
 i - a scroll of immolation {unknown}
 j - a scroll of brand weapon {unknown}
 l - a scroll of torment {unknown}
 n - 2 scrolls of teleportation {unknown}


   Skills:
 - Level 1.5 Dodging
 - Level 1.5 Stealth
 + Level 6.5 Spellcasting
 + Level 6.3 Necromancy


You had 10 spell levels left.
You knew the following spells:

 Your Spells              Type           Power      Damage    Failure   Level
a - Pain                  Necr           100%       1d9       1%          1
b - Vampiric Draining     Necr           38%        2d8       2%          3
c - Animate Dead          Necr           19%        N/A       10%         4

Your spell library contained the following spells:

 Spells                   Type           Power      Damage    Failure   Level
 Animate Skeleton         Necr           76%        N/A       1%          1
 Corpse Rot               Necr/Air       46%        N/A       5%          2
 Agony                    Necr           38%        N/A       26%         5
 Conjure Flame            Conj/Fire      5%         6-21      36%         3
 Inner Flame              Hex/Fire       5%         N/A       36%         3
 Ozocubu's Armour         Ice            5%         N/A       36%         3
 Summon Guardian Golem    Hex/Summ       5%         N/A       36%         3
 Fireball                 Conj/Fire      2%         3d4       98%         5
 Metabolic Englaciation   Hex/Ice        2%         N/A       98%         5
 Simulacrum               Ice/Necr       11%        N/A       99%         6
 Orb of Destruction       Conj           2%         9d5       100%        7
 Spellforged Servitor     Conj/Summ      2%         N/A       100%        7


Dungeon Overview and Level Annotations

Branches:
Dungeon (5/15)             Temple (0/1) D:4

Altars:
Cheibriados
Kikubaaqudgha

Shops:
D:2 (


Innate Abilities, Weirdness & Mutations

You are immune to poison.
Your flesh is cold resistant. (rC+)
You are immune to negative energy. (rN+++)
You are immune to unholy pain and torment.
You are vulnerable to heat. (rF-)
You are in touch with the powers of death.
You do not drink.


Message History

You barely miss the orc wizard.
The orc wizard is severely wounded.
The orc wizard hits you but does no damage.
The orc barely misses you. The orc closely misses you.
You barely miss the orc wizard.
The orc wizard is severely wounded.
The orc wizard barely misses you. The orc hits you but does no damage.
The orc hits you with a +0 mace.
Casting: Vampiric Draining (dangerous; 2% risk of failure)
Confirm with . or Enter, or press ? or * to list all spells.
Aiming: Vampiric Draining (dangerous; 2% risk of failure)
Press: ? - help, Shift-Dir - straight line, f/p - orc wizard
Aim: an orc wizard, wielding a +0 dagger and wearing a +0 robe (severely wounded)
You feel a surge of power!
You draw life force from the orc wizard.
You feel life coursing into your body.
The orc wizard hits you but does no damage.
The orc barely misses you. The orc hits you but does no damage.
Unknown command.
You barely miss the orc wizard.
The orc wizard is almost dead.
The orc wizard closely misses you. The orc closely misses you.
The orc barely misses you.
Casting: Vampiric Draining (dangerous; 2% risk of failure)
Confirm with . or Enter, or press ? or * to list all spells.
Aiming: Pain (safe; 1% risk of failure)
Press: ? - help, Shift-Dir - straight line, f/p - orc wizard
Aim: an orc wizard, wielding a +0 dagger and wearing a +0 robe (almost dead, chance to affect: 83%)
You feel a surge of power!
The orc wizard barely resists.
The orc wizard gestures at you while chanting.
The magic dart hits you.
You feel yourself slow down. The orc closely misses you.
The orc completely misses you.
You hit the orc wizard. You freeze the orc wizard.
The orc wizard is almost dead.
The orc wizard hits you but does no damage.
The orc barely misses you. x2
The orc wizard gestures at you while chanting.
The puff of flame hits you! The fire burns you terribly!
You die...
Kikubaaqudgha rasps: "You have failed me!
Welcome... oblivion!"

..##.#########.....# #....#
###### #.##.### ##.#.# ## ###
####.## #.#.. .# #.# #...#
####.### .####.#### #...# #....#
.........# #...#### #.####
......#..######...##.## #.#
......#..##....).o..#.####.# ##
...........!....@o.###.....## #.
############)...o...#.###...# #.
..............#....#.## #.#.# #.
#..#..#..#..#.......## #.#.# #.
............#.#.....# #.#.####.
..............#.....# #.#.#....
....................#####.#.#.#..
#..#..#..#....#.......##.......†.
..............#.###.#<##.........


You could see an orc wizard and 2 orcs.

Vanquished Creatures
  Blork the orc (D:4)
  A scorpion (D:4)
  3 jellies (D:4)
  Jessica (D:2)
  2 orc wizards (D:4)
  4 adders
  An adder skeleton (D:2)
  A worm (D:2)
  A dart slug (D:3)
  3 orcs (D:4)
  6 ball pythons
  2 bat zombies (D:2)
  12 endoplasms
  3 giant cockroaches
  9 goblins
  7 hobgoblins
  4 jackals (D:2)
  7 quokkas
  A ball python zombie (D:2)
  6 bats
  3 frilled lizards
  A giant cockroach zombie (D:2)
  20 kobolds
  7 rats
106 creatures vanquished.

Vanquished Creatures (others)
  A fungus (D:4)
  7 toadstools (D:4)
  A withered plant (D:2)
9 creatures vanquished.

Grand Total: 115 creatures vanquished

Notes
Turn   | Place    | Note
-------+----------+-------------------------------------------
     0 | D:1      | siradein the Mummy Necromancer began the quest for the Orb.
     0 | D:1      | Reached XP level 1. HP: 13/13 MP: 4/4
   352 | D:1      | Got the Papyrus of Flames
   353 | D:1      | Found a faded altar of an unknown god.
   405 | D:1      | Reached XP level 2. HP: 19/19 MP: 0/6
  1125 | D:1      | Gained mutation: You are in touch with the powers of death.
                  | [Mummy growth]
  1125 | D:1      | Reached XP level 3. HP: 23/24 MP: 4/8
  1129 | D:1      | Learned a level 3 spell: Vampiric Draining
  1466 | D:2      | Found Dubbenuw's Weapon Shop.
  1806 | D:2      | Noticed Jessica
  1808 | D:2      | Killed Jessica
  1809 | D:2      | Reached skill level 5 in Necromancy
  1809 | D:2      | Reached XP level 4. HP: 22/30 MP: 5/10
  2109 | D:2      | Learned a level 4 spell: Animate Dead
  3286 | D:4      | Found an ancient bone altar of Kikubaaqudgha.
  3287 | D:4      | Noticed a scorpion
  3329 | D:4      | Killed a scorpion
  3330 | D:4      | Reached skill level 5 in Spellcasting
  3330 | D:4      | Reached XP level 5. HP: 35/35 MP: 7/12
  3352 | D:4      | Became a worshipper of Kikubaaqudgha
  3441 | D:4      | Noticed Blork the orc
  3445 | D:4      | Killed Blork the orc
  3584 | D:4      | Identified the +2 spear of Stickiness {freeze, *Slow rN+
                  | rCorr}
  3703 | D:4      | Reached XP level 6. HP: 7/41 MP: 4/14
  3714 | D:4      | HP: 1/41 [orc/+0 club (3)]
  3949 | D:4      | Identified the +1 robe of Day {rC+ Dex+4 Stlth+}
  4069 | D:4      | Found a staircase to the Ecumenical Temple.
  4155 | D:4      | Found a snail-covered altar of Cheibriados.
  4556 | D:4      | Reached * piety under Kikubaaqudgha
  4556 | D:4      | Received a gift from Kikubaaqudgha
  4720 | D:5      | Entered Level 5 of the Dungeon
  4739 | D:4      | Killed from afar by an orc wizard

Illustrated notes

Levels and vault maps discovered:
D:1:      dpeg_arrival_simpleton_c, layout_basic, ebering_ecumenical_altar_box
D:2:      layout_loops_ring, serial_shops, nicolae_shop_bloodbath_and_beyond,
          serial_undead, serial_undead_e, serial_undead_c, serial_undead_c,
          serial_undead_a, nicolae_concentric_dashed_squares_mild,
          chequers_jeans, kennysheep_nondescript, feat_on_display, uniq_jessica
D:3:      layout_rooms, serial_park_tiny_1, minmay_misc_feat_more_columns
D:4:      cheibrodos_fertilizer, layout_loops_cross,
          mainiacjoe_overflow_concentric_impassable,
          mainiacjoe_overflow_catwalk, temple_hall, uniq_blork_the_orc
D:5:      minmay_chambers_of_threes, layout_basic,
          gammafunk_ghost_nasty_kobolds, corner_web_ring

Skill      XL: |  1  2  3  4  5  6 |
---------------+-------------------+-----
Spellcasting   | 3 4 5 6 |  6.5
Necromancy     | 5 6 |  6.3
Dodging        | |  1.5
Stealth        | |  1.5

Action                   |  1- 3 |  4- 6 || total
-------------------------+-------+-------++-------
Melee: Unarmed           |    13 |       ||    13
       Whip              |    21 |    12 ||    33
       Spear             |       |    19 ||    19
       Punch             |       |     1 ||     1
 Cast: Pain              |    84 |    90 ||   174
       Vampiric Draining |       |    11 ||    11
  Use: Scroll            |       |     8 ||     8
 Stab: Sleeping          |       |     1 ||     1
Armor: Robe              |     8 |    20 ||    28
Dodge: Dodged            |    46 |    49 ||    95

Table legend: (Time is in decaauts)
 A = Elapsed time spent in this place.
 B = Non-inter-level travel time spent in this place.
 C = Inter-level travel time spent in this place.
 D = Time resting spent in this place.
 E = Time spent auto-exploring this place.
 F = Levels seen in this place.
 G = Mean time per level.
                   A        B        C        D        E       F      G
               +--------+--------+--------+--------+--------+-----+--------+
         Total |   4742 |   4639 |    103 |    316 |   3678 |   5 |  948.4 |
       Dungeon |   4742 |   4639 |    103 |    316 |   3678 |   5 |  948.4 |
               +--------+--------+--------+--------+--------+-----+--------+

Top non-repeatable levels by time:
     D:1: 1466 daAuts
     D:4: 1450 daAuts
     D:2: 1086 daAuts
     D:3: 731 daAuts
     D:5: 7 daAuts
